 Dungeon Crawl Stone Soup version 0.28-a0-317-g21599a725c (webtiles) character file.

Game seed: 5891553113821659827

148 McIrco the Cutter (level 5, -4/33 HPs)
             Began as a Kobold Berserker on Sept 1, 2021.
             Was a Believer of Trog.
             Succumbed to an orc wizard's poison
             ... on level 3 of the Dungeon.
             The game lasted 00:02:37 (3154 turns).

McIrco the Cutter (Kobold Berserker)                Turns: 3154, Time: 00:02:38

Health: -4/33      AC:  3    Str: 14    XL:     5   Next: 56%
Magic:  5/5        EV: 15    Int:  9    God:    Trog [**....]
Gold:   159        SH:  0    Dex: 15    Spells: 4/4 levels left

rFire   . . .      SeeInvis .   d - +1 dagger (venom)
rCold   . . .      Faith    .   (shield restricted)
rNeg    . . .      Spirit   .   b - +0 animal skin
rPois   .          Reflect  .   m - +0 helmet
rElec   .          Harm     .   (no cloak)
rCorr   .          Rampage  .   (no gloves)
Will    .....                   (no boots)
Stlth   ++++......              (no amulet)
HPRegen 0.11/turn               f - ring of flight
MPRegen 0.09/turn               (no ring)

@: lethally poisoned (-4 -> -13), on berserk cooldown, flying, slowed, very slow
A: small, no large weapons, nightstalker 3
a: Renounce Religion, Berserk, Trog's Hand


You were on level 3 of the Dungeon.
You worshipped Trog.
Trog was pleased with you.
You visited 1 branch of the dungeon, and saw 4 of its levels.

You collected 159 gold pieces.

Inventory:

Hand Weapons
 a - a +0 short sword
 d - a +1 dagger of venom (weapon)
Armour
 b - a +0 animal skin (worn)
 m - a +0 helmet (worn)
Jewellery
 f - a ring of flight (left hand)
 n - a ring of fire
Wands
 j - a wand of paralysis (8)
Scrolls
 e - 2 scrolls of amnesia
 h - a scroll of noise
 r - a scroll of enchant weapon {unknown}
Potions
 c - a potion of attraction {unknown}
 k - a potion of lignification {unknown}
 o - a potion of brilliance {unknown}
 p - 2 potions of degeneration


   Skills:
 + Level 4.1 Fighting
 + Level 5.2 Short Blades
 + Level 1.9 Armour
 + Level 2.9 Dodging
 + Level 4.1 Stealth


You had 4 spell levels left.
You didn't know any spells.
Your spell library was empty.

Dungeon Overview and Level Annotations

Branches:
Dungeon (4/15)
 Temple: D:4-7

Altars:
Qazlal


Innate Abilities, Weirdness & Mutations

You are small and have problems with some larger weapons.
You are completely attuned to the shadows.


Message History

Found a weird glowing staff.
The orc wizard shouts!
The orc shouts!
You hear a shout!
An orc comes into view. It is wielding a +0 club.
The orc completely misses you.
A ball python comes into view.
The orc moves out of view.
An orc wizard comes into view. It is wielding a +0 dagger.
Things that are here:
a +0 club; a +0 ring mail; an orc corpse You closely miss the orc.
An orc comes into view. It is wielding a +0 hand axe.
The orc wizard gestures at you while chanting.
You resist with some effort. The orc completely misses you.
You barely miss the orc. You puncture the orc!
You kill the orc!
Trog accepts your kill.
You are no longer berserk.
You are exhausted.
You feel yourself slow down.
Unknown command.
The ball python bites you. The ball python closely misses you.
The orc wizard casts a spell.
The orc wizard flickers and vanishes!
Deactivating autopickup; reactivate with Ctrl-A.
The orc wizard misses you. The ball python bites you.
The ball python misses you.
There is a stone staircase leading up here.
The orc wizard hits you with a +1 dagger of venom.
* * * LOW HITPOINT WARNING * * *
You are lethally poisoned!
The ball python barely misses you. The ball python misses you.
The orc wizard casts a spell at you. The puff of flame hits you!
* * * LOW HITPOINT WARNING * * *
The ball python bites you but does no damage.
The ball python closely misses you.
You fly upwards.
Reactivating autopickup.
You die...

.######...#...#......#
#######.#†#.#.#......#
........#.#.#..#'#####
.#####..#.#....#.#
........#.###..#.#
..###...#....#.#.#
###..............#
#........###.#.o.#
...............S@#
#.)..).........###
###..............#
..###...#......#.#
#.......#......#.#
###.....#........#
..###...#....#.#.#
###.....####.#.#.#
#.†....## #.#.###


You could see an orc wizard and a ball python.

Vanquished Creatures
  Jessica (D:2)
  3 gnolls (D:3)
  2 adders (D:2)
  2 worms (D:2)
  3 dart slugs
  6 orcs
  4 endoplasms
  5 giant cockroaches
  3 goblins
  2 hobgoblins
  3 jackals (D:2)
  7 ball pythons
  3 bats
  3 frilled lizards
  3 kobolds
  10 rats
60 creatures vanquished.

Notes
Turn   | Place    | Note
-------+----------+-------------------------------------------
     0 | D:1      | McIrco the Kobold Berserker began the quest for the Orb.
     0 | D:1      | Reached XP level 1. HP: 14/14 MP: 1/1
   385 | D:1      | Reached XP level 2. HP: 19/19 MP: 2/2
  1092 | D:2      | Reached skill level 1 in Stealth
  1092 | D:2      | Reached XP level 3. HP: 23/23 MP: 3/3
  1202 | D:2      | Noticed Jessica
  1205 | D:2      | Killed Jessica
  1206 | D:2      | Reached XP level 4. HP: 29/29 MP: 4/4
  1343 | D:2      | Reached ** piety under Trog
  2550 | D:3      | Reached XP level 5. HP: 33/33 MP: 5/5
  2736 | D:3      | Reached skill level 5 in Short Blades
  3051 | D:3      | Found a stormy altar of Qazlal.
  3153 | D:4      | HP: 1/33 [orc wizard/puff of flame (8)]
  3154 | D:3      | Succumbed to an orc wizard's poison

Illustrated notes

Levels and vault maps discovered:
D:1:      dpeg_arrival_ratfight, layout_basic, chequers_big_river,
          wander_ebering_terrifying_dragon_lair
D:2:      layout_basic, uniq_jessica
D:3:      layout_basic, mainiacjoe_overflow_catwalk, minmay_unequal
D:4:      layout_basic, lightli_ossuary_entry_decrepit_ruins, uniq_menkaure

Skill      XL: |  1  2  3  4  5 |
---------------+----------------+-----
Stealth        | 1 2 3 4 |  4.1
Fighting       | 4 |  4.1
Short Blades   | 5 |  5.2
Armour         | |  1.9
Dodging        | |  2.9

Action                   |  1- 3 |  4- 6 || total
-------------------------+-------+-------++-------
Melee: Short sword       |    11 |       ||    11
       Dagger            |    35 |    78 ||   113
Invok: Berserk           |     1 |     1 ||     2
  Use: Scroll            |       |     6 ||     6
 Stab: Sleeping          |    10 |    17 ||    27
       Distracted        |     1 |       ||     1
Armor: Animal skin       |       |     7 ||     7
Dodge: Dodged            |    16 |    51 ||    67

Table legend: (Time is in decaauts)
 A = Elapsed time spent in this place.
 B = Non-inter-level travel time spent in this place.
 C = Inter-level travel time spent in this place.
 D = Time resting spent in this place.
 E = Time spent auto-exploring this place.
 F = Levels seen in this place.
 G = Mean time per level.
                   A        B        C        D        E       F      G
               +--------+--------+--------+--------+--------+-----+--------+
         Total |   3137 |   3077 |     60 |      0 |   2702 |   4 |  784.2 |
       Dungeon |   3137 |   3077 |     60 |      0 |   2702 |   4 |  784.2 |
               +--------+--------+--------+--------+--------+-----+--------+

Top non-repeatable levels by time:
     D:2: 1267 daAuts
     D:1: 1080 daAuts
     D:3: 767 daAuts
     D:4: 22 daAuts
